Map: Арена чести РВ

Players

Robovoen

  • Race: Protoss Protoss
  • League: Bronze
  • Spawn Location: 5:00

Alchemysto - Winner!

  • Race: Terran Terran
  • League: Silver
  • Spawn Location: 11:00

VOD

Have the link to the VOD?

Description

Time

  • Played on: Jan. 27, 2017, 12:38 a.m.
  • Length: 20:16
Show
View Real Time Build Order
Export as new Build Order

Robovoen Protoss 

Build Orders:  

Get SALT Encoding   

  12  0:07  Probe (Chrono Boost)  
  13  0:18  Probe (Chrono Boost)  
  14  0:32  Probe (Chrono Boost)  
  15  0:45  Pylon  
  15  0:58  Assimilator  
  15  0:59  Assimilator  
  15  1:03  Probe (Chrono Boost)  
  16  1:16  Probe (Chrono Boost)  
  17  1:27  Probe (Chrono Boost)  
  17  1:28  Gateway  
  18  1:35  Gateway  
  18  1:38  Gateway  
  18  1:54  Probe (Chrono Boost)  
  19  2:04  Probe (Chrono Boost)  
  19  2:17  Probe (Chrono Boost)  
  20  2:27  Cybernetics Core  
  20  2:28  Probe (Chrono Boost)  
  20  2:29  Pylon  
  21  2:41  Nexus  
  21  2:43  Pylon  
  21  2:47  Pylon  
  21  2:53  Probe (Chrono Boost)  
  22  3:03  Warp Gate  
  24  3:06  Mothership Core (Chrono Boost)  
  24  3:29  Twilight Council  
  24  3:38  Gateway  
  24  3:42  Gateway  
  24  3:48  Probe (Chrono Boost)  
  25  3:59  Probe (Chrono Boost)  
  26  4:07  Charge  
  26  4:15  Probe (Chrono Boost)  
  26  4:16  Probe (Chrono Boost)  
  28  4:26  Probe x2 (Chrono Boost)  
  30  4:37  Probe x2 (Chrono Boost)  
  32  4:47  Probe x2 (Chrono Boost)  
  34  4:58  Probe x2 (Chrono Boost)  
  36  5:01  Forge  
  36  5:02  Forge  
  36  5:03  Forge  
  36  5:08  Probe x2 (Chrono Boost)  
  38  5:19  Probe x2 (Chrono Boost)  
  38  5:20  Zealot  
  38  5:21  Zealot x3  
  46  5:22  Zealot  
  50  5:29  Probe x2 (Chrono Boost)  
  52  5:40  Protoss Ground Weapons Level 1, Protoss Shields Level 1, Protoss Ground Armor Level 1  
  52  5:49  Probe x2 (Chrono Boost)  
  54  5:56  Assimilator  
  54  5:57  Assimilator  
  54  6:00  Probe x2 (Chrono Boost)  
  54  6:02  Robotics Facility  
  54  6:04  Robotics Facility  
  56  6:26  Zealot x2  
  56  6:27  Zealot  
  62  6:39  Pylon  
  62  6:42  Pylon  
  62  6:45  Pylon  
  62  6:48  Pylon  
  62  6:57  Warp Prism, Observer  
  65  7:02  Zealot x2  
  65  7:03  Zealot x3  
  75  7:32  Zealot x3  
  75  7:33  Zealot x2  
  85  7:44  Protoss Shields Level 2, Protoss Ground Weapons Level 2, Protoss Ground Armor Level 2  
  85  7:55  Zealot x2  
  85  7:56  Zealot x2  
  93  8:10  Pylon, Nexus  
  93  8:15  Pylon  
  93  8:17  Pylon  
  93  8:21  Assimilator  
  93  8:26  Assimilator  
  93  8:37  Stalker  
  93  8:38  Stalker x4  
  103  8:44  Observer x2  
  105  9:04  Stalker x2  
  105  9:05  Stalker x3  
  115  9:47  Dark Shrine  
  115  9:53  Probe x3 (Chrono Boost)  
  118  10:03  Probe x2 (Chrono Boost)  
  118  10:04  Probe (Chrono Boost)  
  121  10:12  Robotics Bay  
  123  10:14  Probe x3 (Chrono Boost)  
  117  10:24  Probe (Chrono Boost)  
  117  10:25  Probe x2 (Chrono Boost)  
  110  10:35  Probe x3 (Chrono Boost)  
  107  10:56  Stalker x2  
  108  10:58  Stalker  
  75  11:49  Stalker x2  
  75  11:50  Stalker  
  78  12:04  Blink  
  76  12:51  Protoss Shields Level 3, Protoss Ground Armor Level 3, Protoss Ground Weapons Level 3  
  71  13:12  Probe x2 (Chrono Boost)  
  74  13:13  Probe (Chrono Boost)  
  74  13:22  Probe (Chrono Boost)  
  74  13:23  Probe (Chrono Boost)  
  74  13:26  Probe (Chrono Boost)  
  77  13:33  Pylon  
  77  13:51  Probe x2 (Chrono Boost)  
  77  13:53  Probe (Chrono Boost)  
  80  13:56  Pylon  
  80  14:02  Probe x2 (Chrono Boost)  
  82  14:03  Probe (Chrono Boost)  
  83  14:12  Probe x2 (Chrono Boost)  
  83  14:14  Probe (Chrono Boost)  
  86  14:27  Probe x3 (Chrono Boost)  
  89  14:38  Probe x3 (Chrono Boost)  
  92  14:52  Probe (Chrono Boost)  
  93  15:20  Pylon  
  93  15:22  Pylon  
  93  15:38  Probe x3 (Chrono Boost)  
  96  15:49  Probe x2 (Chrono Boost)  
  97  16:17  Gravitic Drive  
  97  16:23  Probe (Chrono Boost)  
  97  16:24  Probe x2 (Chrono Boost)  
  100  16:34  Probe x3 (Chrono Boost)  
  103  16:44  Probe (Chrono Boost)  
  103  16:45  Probe x2 (Chrono Boost)  
  101  18:56  Stalker x4  
Show
View Real Time Build Order
Export as new Build Order

Alchemysto Terran - Winner!

Build Orders:  

Get SALT Encoding   

  12  0:01  SCV  
  13  0:13  SCV  
  14  0:20  Supply Depot  
  14  0:26  SCV  
  15  0:37  Supply Depot  
  15  0:42  SCV  
  16  0:50  Barracks  
  16  0:54  SCV  
  17  1:06  SCV  
  17  1:11  Refinery  
  18  1:12  Refinery  
  18  1:20  SCV  
  19  1:36  SCV  
  19  1:37  Supply Depot  
  20  1:48  SCV  
  21  1:54  Engineering Bay  
  21  2:27  Supply Depot  
  21  2:31  Factory  
  21  2:34  SCV  
  22  2:41  Marine  
  22  2:43  Supply Depot  
  23  2:54  SCV  
  24  3:06  Marine  
  25  3:16  Armory  
  25  3:19  Armory  
  25  3:26  Starport  
  25  3:27  Factory Tech Lab  
  25  3:36  Marine  
  25  3:37  Starport  
  26  3:55  Barracks Reactor  
  26  4:19  Command Center  
  26  4:23  SCV  
  27  4:33  Starport Tech Lab x2  
  27  4:35  SCV  
  28  4:44  Siege Tank  
  31  4:53  Terran Ship Weapons Level 1  
  31  4:54  Terran Vehicle And Ship Armor Level 1  
  31  4:57  SCV  
  32  5:01  Marine x2  
  34  5:11  SCV  
  35  5:23  SCV  
  35  5:25  Banshee  
  35  5:27  Banshee  
  42  5:31  SCV  
  43  5:37  SCV  
  44  5:43  SCV  
  44  5:49  SCV  
  46  6:07  Banshee  
  46  6:08  Cloaking Field  
  46  6:09  Banshee  
  52  6:19  Refinery  
  52  6:22  Refinery  
  52  6:28  Marine x2  
  54  6:37  Supply Depot  
  54  6:39  Supply Depot  
  54  6:43  Supply Depot  
  54  6:45  Marine  
  54  6:46  Marine  
  56  6:47  Hyperflight Rotors  
  56  6:59  Banshee  
  59  7:03  Marine x2  
  59  7:06  SCV x2  
  63  7:18  Banshee, SCV x2  
  63  7:21  Marine x2  
  70  7:39  Marine x2  
  70  7:41  Supply Depot  
  70  7:42  Banshee  
  75  7:54  SCV  
  75  7:57  Marine x2, SCV  
  79  8:00  Banshee  
  79  8:04  Terran Vehicle And Ship Armor Level 2  
  82  8:12  Terran Ship Weapons Level 2  
  82  8:14  Marine  
  82  8:15  Marine  
  84  8:25  Banshee  
  87  8:32  Marine x2  
  89  8:39  Terran Infantry Weapons Level 1  
  89  8:43  Banshee  
  92  8:50  Marine x2  
  94  9:08  Marine x2, Banshee  
  99  9:26  Marine x2  
  101  9:41  Supply Depot  
  101  9:42  Supply Depot  
  101  9:43  Supply Depot  
  101  9:44  Marine  
  102  9:46  Supply Depot x2  
  102  9:47  Supply Depot  
  102  9:49  Supply Depot  
  102  9:51  Supply Depot  
  102  9:55  Barracks  
  102  10:03  Marine x2, Banshee x2  
  110  10:20  Marine  
  102  11:27  Marine  
  102  11:28  Marine  
  104  11:32  Medivac  
  104  11:33  Medivac  
  102  11:45  Marine x2  
  104  12:02  Medivac x2  
  104  12:03  Marine x2  
  110  12:21  Marine x2  
  112  12:32  Medivac x2  
  116  12:39  Marine x2  
  116  12:40  Siege Tank  
  121  12:56  Marine  
  121  12:57  Marine  
  120  13:02  Medivac x2  
  118  13:07  Orbital Command  
  118  13:08  Orbital Command  
  118  13:12  Siege Tank  
  121  13:32  Medivac x2  
  125  13:34  Barracks Tech Lab  
  125  13:44  Siege Tank  
  125  13:45  Marine x2  
  130  14:02  Medivac x2, Marine  
  132  14:03  Marine  
  136  14:14  Terran Infantry Weapons Level 2  
  136  14:16  Command Center  
  136  14:20  Marine x2  
  138  14:24  Engineering Bay  
  138  14:32  Raven x2  
  138  14:36  Marauder  
  138  14:38  Marine x2  
  146  14:51  Command Center  
  146  14:57  Marauder  
  148  15:05  Terran Infantry Armor Level 1  
  148  15:19  Marauder  
  150  15:22  Marine  
  150  15:23  Marine  
  152  15:33  SCV  
  153  15:40  Marine x2, Marauder  
  157  15:45  SCV  
  158  15:57  SCV  
  158  15:58  Marine  
  158  16:00  Marine  
  158  16:01  Marauder  
  163  16:06  SCV  
  163  16:09  SCV  
  165  16:13  Refinery  
  165  16:14  Refinery  
  165  16:18  SCV  
  165  16:19  Marine  
  165  16:20  Marine  
  165  16:23  Marauder  
  170  16:30  SCV  
  171  16:36  Terran Infantry Weapons Level 3  
  171  16:37  Marine  
  171  16:38  Marine  
  173  16:42  SCV  
  173  16:44  Marauder  
  176  16:48  Stimpack  
  176  16:53  Banshee x2  
  182  16:55  Marine x2, SCV  
  185  17:06  Marauder  
  187  17:09  Thor  
  187  17:13  Marine x2  
  187  17:15  Terran Infantry Armor Level 2  
  195  17:39  Supply Depot x2  
  195  17:47  SCV  
  196  18:00  Banshee  
  196  18:01  SCV  
  200  18:10  Marauder  
  200  18:12  Banshee  
  199  18:13  SCV  
  190  18:32  Marauder  
Tags
 
Add a new tag
Caveats
  • Supply blocks, unpowered buildings, or Contaminate may cause inaccurate times.
  • Supply counts are checked every 10 seconds.